[ PARTIDA AOE2 · #467526289 ]
UnrankedPersas vs Spanish
Equipo del jugador · DERR
[ ANÁLISIS DE REPETICIÓN · EXTRAÍDO DE LA PARTIDA GRABADA ]
Feudal
13:59
Castillos
17:54
Imperial
35:32
| APM promedio | 39.2 |
| APM pico | 195 |
| eAPM promedio | 27.9 |
| Aldeanos / militares | 247 / 171 |
Foco
⚔️ 43.6% · 🌾 56.4%
Knight ×167 · Unknown (2626) ×43 · Fishing Ship ×36 · Mangonel ×4
Feudal
14:35
Castillos
18:14
Imperial
35:14
| APM promedio | 58.3 |
| APM pico | 135 |
| eAPM promedio | 33.4 |
| Aldeanos / militares | 131 / 94 |
Foco
⚔️ 43.3% · 🌾 56.7%
Knight ×75 · Conquistador ×17 · Fishing Ship ×16 · Unknown (2626) ×2 · Trebuchet (Packed) ×2
Feudal
13:59
Castillos
18:02
Imperial
—
| APM promedio | 36.8 |
| APM pico | 80 |
| eAPM promedio | 21.0 |
| Aldeanos / militares | 74 / 76 |
Foco
⚔️ 45.2% · 🌾 54.8%
Arambai ×51 · Battering Ram ×15 · Scorpion ×10 · Fishing Ship ×6
Feudal
13:07
Castillos
16:43
Imperial
37:17
| APM promedio | 52.3 |
| APM pico | 90 |
| eAPM promedio | 25.9 |
| Aldeanos / militares | 160 / 92 |
Foco
⚔️ 31.0% · 🌾 69.0%
Mangudai ×83 · Fishing Ship ×11 · Battering Ram ×8 · Unknown (2626) ×4 · Monk ×1
Feudal
13:26
Castillos
17:18
Imperial
—
| APM promedio | 57.0 |
| APM pico | 101 |
| eAPM promedio | 27.0 |
| Aldeanos / militares | 121 / 64 |
Foco
⚔️ 35.9% · 🌾 64.1%
Camel Archer ×42 · Knight ×13 · Fishing Ship ×8 · Battering Ram ×5 · Monk ×2 · Mangonel ×2
Feudal
14:01
Castillos
17:57
Imperial
40:00
| APM promedio | 74.4 |
| APM pico | 110 |
| eAPM promedio | 41.0 |
| Aldeanos / militares | 302 / 111 |
Foco
⚔️ 36.4% · 🌾 63.6%
Archer ×62 · Camel Scout ×39 · Fishing Ship ×11 · Mangonel ×6 · Trebuchet (Packed) ×3 · Armored Elephant ×1
Feudal
14:02
Castillos
18:26
Imperial
36:17
| APM promedio | 36.7 |
| APM pico | 89 |
| eAPM promedio | 17.7 |
| Aldeanos / militares | 151 / 50 |
Foco
⚔️ 26.8% · 🌾 73.2%
Camel Scout ×27 · Camel Archer ×12 · Fishing Ship ×7 · Mangonel ×3 · Monk ×2 · Knight ×2
Feudal
13:41
Castillos
19:32
Imperial
—
| APM promedio | 66.4 |
| APM pico | 170 |
| eAPM promedio | 37.9 |
| Aldeanos / militares | 79 / 12 |
Foco
⚔️ 69.3% · 🌾 30.7%
Conquistador ×11 · Fishing Ship ×4 · Transport Ship ×1
Mapa de la partida
Recursos iniciales + cada clic de construcción. Líneas = muros · curvas = relieve. ◆ oro · ⬟ piedra · ● bayas · ✦ reliquia · ◌ hueco del cierre
Tu base· Abierta — hueco de 2t
Base de 高登仔· Abierta — hueco de 8t
Base de VENON | OIGRES· Abierta — hueco de 4t
Base de Bubbagump· Abierta — flanco sin cerrar
Base de 色狼英雄传· Abierta — hueco de 9t
Base de VENON | Charro Negro· Abierta — hueco de 7t
Base de 快上我滴大冲车创他 0.0· Abierta — hueco de 10t
Base de VENÓN | Sk8_Morro· Abierta — hueco de 14t
Terreno inicial suavizado · ◌ = hueco del cierre detectado · pasá el cursor para detalles
Inputs por minuto
— VENÓN | BetoxAOE - - 高登仔
Build order — VENÓN | BetoxAOE
Primeras 150 de 511 acciones detectadas
| 0:06 | Construir | Town Center |
| 1:22 | Construir | Dock |
| 1:28 | Construir | Palisade Wall |
| 2:39 | Crear | Villager (Male) ×5 |
| 2:40 | Crear | Villager (Male) ×5 |
| 2:42 | Construir | House |
| 3:08 | Crear | Fishing Ship |
| 3:08 | Crear | Fishing Ship |
| 3:08 | Crear | Fishing Ship |
| 4:04 | Crear | Villager (Male) |
| 4:04 | Crear | Villager (Male) |
| 4:25 | Crear | Fishing Ship |
| 4:25 | Crear | Fishing Ship |
| 4:25 | Crear | Fishing Ship |
| 4:28 | Investigar | Loom |
| 4:28 | Investigar | Loom |
| 4:38 | Construir | House |
| 4:46 | Crear | Villager (Male) |
| 4:47 | Crear | Villager (Male) |
| 5:15 | Crear | Villager (Male) |
| 5:15 | Crear | Villager (Male) |
| 5:15 | Crear | Villager (Male) |
| 5:16 | Crear | Fishing Ship |
| 5:49 | Construir | House |
| 5:57 | Crear | Villager (Male) |
| 5:57 | Crear | Villager (Male) |
| 5:58 | Crear | Villager (Male) |
| 6:05 | Crear | Fishing Ship |
| 6:06 | Crear | Fishing Ship |
| 6:27 | Crear | Villager (Male) |
| 6:28 | Crear | Villager (Male) |
| 6:47 | Crear | Villager (Male) |
| 6:47 | Crear | Villager (Male) |
| 6:48 | Crear | Fishing Ship |
| 7:11 | Crear | Villager (Male) |
| 7:12 | Crear | Villager (Male) |
| 7:12 | Crear | Villager (Male) |
| 7:13 | Crear | Villager (Male) |
| 7:13 | Crear | Villager (Male) |
| 7:14 | Crear | Villager (Male) |
| 7:14 | Construir | House |
| 7:46 | Crear | Fishing Ship |
| 7:46 | Crear | Fishing Ship |
| 7:56 | Crear | Villager (Male) |
| 7:56 | Crear | Villager (Male) |
| 7:56 | Crear | Villager (Male) |
| 8:04 | Crear | Villager (Male) |
| 8:04 | Crear | Villager (Male) |
| 8:04 | Crear | Villager (Male) |
| 8:21 | Crear | Villager (Male) |
| 8:22 | Crear | Villager (Male) |
| 8:22 | Crear | Fishing Ship |
| 8:22 | Crear | Fishing Ship |
| 8:41 | Crear | Villager (Male) |
| 8:41 | Crear | Villager (Male) |
| 8:42 | Crear | Villager (Male) |
| 8:42 | Crear | Fishing Ship |
| 8:45 | Construir | House |
| 9:02 | Crear | Villager (Male) |
| 9:02 | Crear | Villager (Male) |
| 9:06 | Crear | Fishing Ship |
| 9:07 | Crear | Fishing Ship |
| 9:22 | Crear | Villager (Male) |
| 9:50 | Construir | Dock |
| 9:55 | Construir | House |
| 10:01 | Crear | Villager (Male) |
| 10:01 | Crear | Villager (Male) |
| 10:21 | Construir | Lumber Camp |
| 10:28 | Crear | Fishing Ship |
| 10:28 | Crear | Fishing Ship |
| 10:29 | Crear | Fishing Ship |
| 10:42 | Crear | Fishing Ship |
| 10:42 | Crear | Fishing Ship |
| 10:55 | Crear | Villager (Male) |
| 11:04 | Crear | Villager (Male) |
| 11:09 | Crear | Fishing Ship |
| 11:09 | Crear | Fishing Ship |
| 11:12 | Construir | House |
| 11:29 | Crear | Fishing Ship |
| 11:29 | Crear | Fishing Ship |
| 11:30 | Crear | Fishing Ship |
| 11:30 | Crear | Fishing Ship |
| 11:49 | Investigar | Feudal Age |
| 11:49 | Investigar | Feudal Age |
| 11:51 | Crear | Fishing Ship |
| 11:51 | Crear | Fishing Ship |
| 12:06 | Construir | House |
| 12:08 | Crear | Fishing Ship |
| 12:09 | Crear | Fishing Ship |
| 12:14 | Construir | Mining Camp |
| 12:34 | Crear | Fishing Ship |
| 12:34 | Crear | Fishing Ship |
| 12:35 | Crear | Fishing Ship |
| 12:35 | Crear | Fishing Ship |
| 13:00 | Construir | Mill |
| 13:06 | Crear | Villager (Male) |
| 13:06 | Crear | Villager (Male) |
| 13:59 | Edad | Edad Feudal |
| 14:03 | Construir | Market |
| 14:13 | Construir | Blacksmith |
| 14:17 | Crear | Unit 2626 |
| 14:17 | Crear | Unit 2626 |
| 14:48 | Crear | Villager (Male) |
| 15:02 | Construir | House |
| 15:29 | Investigar | Castle Age |
| 15:29 | Investigar | Castle Age |
| 15:36 | Construir | Dock |
| 15:54 | Crear | Unit 2626 |
| 15:54 | Crear | Unit 2626 |
| 15:54 | Crear | Unit 2626 |
| 15:54 | Crear | Unit 2626 |
| 15:54 | Crear | Unit 2626 |
| 16:16 | Investigar | Gold Mining |
| 16:16 | Investigar | Gold Mining |
| 16:17 | Investigar | Double-Bit Axe |
| 16:17 | Investigar | Double-Bit Axe |
| 16:19 | Crear | Unit 2626 ×3 |
| 16:19 | Crear | Unit 2626 ×3 |
| 16:46 | Crear | Unit 2626 ×2 |
| 17:02 | Construir | House |
| 17:12 | Construir | House |
| 17:12 | Construir | House |
| 17:13 | Construir | House |
| 17:13 | Construir | House |
| 17:13 | Construir | House |
| 17:38 | Crear | Unit 2626 |
| 17:42 | Construir | Dock |
| 17:47 | Crear | Unit 2626 ×2 |
| 17:48 | Crear | Unit 2626 ×2 |
| 17:54 | Edad | Edad de los Castillos |
| 17:57 | Crear | Villager (Male) |
| 17:57 | Crear | Villager (Male) |
| 18:13 | Investigar | Tech 906 |
| 18:19 | Investigar | War Galley (upgrade) |
| 18:19 | Investigar | War Galley (upgrade) |
| 18:21 | Crear | Unit 2626 ×2 |
| 18:21 | Crear | Unit 2626 ×2 |
| 18:25 | Crear | Villager (Male) ×4 |
| 18:29 | Investigar | Town Watch |
| 18:30 | Investigar | Town Watch |
| 18:32 | Investigar | Bow Saw |
| 18:33 | Investigar | Bow Saw |
| 19:02 | Investigar | Wheelbarrow |
| 19:02 | Investigar | Wheelbarrow |
| 19:04 | Crear | Unit 2626 ×2 |
| 19:05 | Crear | Unit 2626 ×2 |
| 19:27 | Crear | Unit 2626 ×2 |
| 19:27 | Crear | Unit 2626 ×2 |
| 19:45 | Crear | Unit 2626 ×2 |
| 19:45 | Crear | Unit 2626 ×2 |
Build order — 高登仔
Primeras 150 de 440 acciones detectadas
| 0:12 | Construir | Town Center |
| 0:45 | Construir | Dock |
| 0:51 | Construir | House |
| 0:54 | Construir | Palisade Wall |
| 1:33 | Construir | Palisade Wall |
| 2:34 | Crear | Villager (Male) |
| 2:34 | Crear | Villager (Male) |
| 2:40 | Investigar | Loom |
| 2:41 | Crear | Villager (Male) |
| 2:41 | Crear | Villager (Male) |
| 3:01 | Crear | Villager (Male) |
| 3:21 | Construir | House |
| 3:43 | Crear | Villager (Male) |
| 4:29 | Crear | Villager (Male) |
| 4:51 | Crear | Fishing Ship |
| 4:51 | Crear | Fishing Ship |
| 4:53 | Crear | Villager (Male) |
| 4:54 | Crear | Villager (Male) |
| 5:16 | Crear | Villager (Male) |
| 5:21 | Construir | House |
| 5:47 | Crear | Villager (Male) |
| 6:08 | Crear | Fishing Ship |
| 6:08 | Crear | Fishing Ship |
| 6:13 | Crear | Villager (Male) |
| 6:13 | Crear | Villager (Male) |
| 6:39 | Crear | Villager (Male) |
| 6:56 | Construir | House |
| 7:04 | Crear | Fishing Ship |
| 7:04 | Crear | Fishing Ship |
| 7:19 | Construir | House |
| 7:27 | Crear | Villager (Male) |
| 7:35 | Crear | Fishing Ship |
| 7:37 | Crear | Villager (Male) |
| 7:37 | Crear | Villager (Male) |
| 8:02 | Construir | House |
| 8:20 | Construir | House |
| 8:25 | Crear | Villager (Male) |
| 8:28 | Crear | Fishing Ship |
| 8:48 | Crear | Villager (Male) |
| 8:49 | Crear | Villager (Male) |
| 9:13 | Crear | Villager (Male) |
| 9:18 | Construir | House |
| 9:21 | Crear | Fishing Ship |
| 9:36 | Crear | Villager (Male) |
| 9:55 | Crear | Villager (Male) |
| 10:18 | Crear | Villager (Male) |
| 10:21 | Construir | House |
| 10:45 | Crear | Villager (Male) |
| 10:53 | Construir | House |
| 10:58 | Construir | Lumber Camp |
| 11:06 | Crear | Fishing Ship |
| 11:07 | Crear | Fishing Ship |
| 11:35 | Crear | Fishing Ship |
| 11:59 | Crear | Villager (Male) |
| 12:25 | Investigar | Feudal Age |
| 12:31 | Construir | House |
| 12:40 | Construir | Mill |
| 13:04 | Crear | Villager (Male) |
| 13:09 | Crear | Fishing Ship |
| 14:06 | Crear | Villager (Male) |
| 14:35 | Edad | Edad Feudal |
| 14:40 | Construir | Blacksmith |
| 14:45 | Construir | Market |
| 14:47 | Investigar | Town Watch |
| 14:47 | Investigar | Town Watch |
| 14:53 | Construir | Outpost |
| 15:34 | Investigar | Castle Age |
| 15:34 | Investigar | Castle Age |
| 15:45 | Construir | Outpost |
| 15:49 | Investigar | Double-Bit Axe |
| 16:12 | Investigar | Tech 906 |
| 16:12 | Investigar | Tech 906 |
| 16:19 | Construir | Outpost |
| 16:30 | Construir | Outpost |
| 17:00 | Construir | Outpost |
| 17:18 | Construir | House |
| 17:36 | Investigar | Padded Archer Armor |
| 18:02 | Crear | Villager (Male) |
| 18:14 | Edad | Edad de los Castillos |
| 18:24 | Construir | Castle |
| 18:29 | Construir | House |
| 18:32 | Construir | House |
| 18:35 | Construir | House |
| 18:39 | Construir | House |
| 18:45 | Crear | Villager (Male) |
| 18:47 | Investigar | Bow Saw |
| 19:02 | Crear | Villager (Male) |
| 19:45 | Crear | Conquistador |
| 19:45 | Crear | Conquistador |
| 19:51 | Construir | Lumber Camp |
| 19:56 | Crear | Villager (Male) |
| 19:56 | Crear | Villager (Male) |
| 20:05 | Construir | Town Center |
| 20:16 | Crear | Conquistador |
| 20:46 | Crear | Unit 2626 |
| 20:49 | Crear | Villager (Male) |
| 20:49 | Crear | Villager (Male) |
| 21:22 | Crear | Conquistador |
| 21:24 | Crear | Villager (Male) |
| 21:24 | Crear | Villager (Male) |
| 21:31 | Crear | Villager (Male) |
| 21:40 | Crear | Unit 2626 |
| 21:52 | Construir | Barracks |
| 22:02 | Crear | Villager (Male) |
| 22:02 | Crear | Villager (Male) |
| 22:05 | Crear | Conquistador |
| 22:41 | Crear | Villager (Male) |
| 22:42 | Crear | Villager (Male) |
| 22:45 | Construir | Stable |
| 22:47 | Crear | Villager (Male) |
| 23:01 | Construir | Stone Wall |
| 23:07 | Crear | Villager (Male) |
| 23:11 | Construir | Farm |
| 23:11 | Construir | Farm |
| 23:11 | Construir | Farm |
| 23:12 | Construir | Farm |
| 23:12 | Construir | Farm |
| 23:13 | Construir | Farm |
| 23:13 | Construir | Farm |
| 23:13 | Construir | Farm |
| 23:14 | Construir | Farm |
| 23:20 | Construir | Lumber Camp |
| 23:22 | Investigar | Horse Collar |
| 23:25 | Crear | Conquistador |
| 23:25 | Crear | Conquistador |
| 23:35 | Crear | Villager (Male) |
| 23:51 | Investigar | Bloodlines |
| 23:51 | Investigar | Bloodlines |
| 23:54 | Crear | Villager (Male) |
| 24:10 | Crear | Villager (Male) |
| 24:27 | Crear | Villager (Male) |
| 24:33 | Construir | Farm |
| 24:34 | Construir | Farm |
| 24:34 | Construir | Farm |
| 24:34 | Construir | Farm |
| 24:35 | Construir | Farm |
| 24:35 | Construir | Farm |
| 24:35 | Construir | Farm |
| 24:35 | Construir | Farm |
| 24:44 | Investigar | Husbandry |
| 24:53 | Construir | Farm |
| 24:54 | Construir | Farm |
| 25:02 | Crear | Villager (Male) |
| 25:03 | Crear | Villager (Male) |
| 25:10 | Construir | Mining Camp |
| 25:16 | Crear | Conquistador |
| 25:43 | Crear | Villager (Male) |
| 25:45 | Crear | Villager (Male) |
| 25:48 | Construir | Town Center |
| 26:03 | Crear | Villager (Male) |
Build order — VENON | OIGRES
Primeras 150 de 233 acciones detectadas
| 0:11 | Construir | Town Center |
| 1:18 | Construir | Dock |
| 1:21 | Construir | House |
| 2:41 | Crear | Villager (Male) |
| 2:41 | Crear | Villager (Male) |
| 2:41 | Crear | Villager (Male) |
| 2:43 | Crear | Villager (Male) |
| 2:43 | Crear | Villager (Male) |
| 3:28 | Construir | House |
| 3:44 | Construir | House |
| 4:18 | Investigar | Loom |
| 4:19 | Crear | Villager (Male) |
| 4:24 | Crear | Villager (Male) |
| 4:28 | Investigar | Loom |
| 4:29 | Crear | Fishing Ship |
| 4:36 | Construir | House |
| 4:58 | Construir | House |
| 5:12 | Crear | Fishing Ship |
| 5:49 | Crear | Villager (Male) |
| 6:10 | Crear | Fishing Ship |
| 6:32 | Crear | Villager (Male) |
| 6:50 | Crear | Villager (Male) |
| 6:52 | Crear | Fishing Ship |
| 6:56 | Construir | Palisade Wall |
| 6:58 | Construir | House |
| 7:08 | Crear | Villager (Male) |
| 7:41 | Crear | Fishing Ship |
| 7:42 | Crear | Villager (Male) |
| 8:03 | Construir | House |
| 8:11 | Crear | Villager (Male) |
| 8:16 | Construir | House |
| 8:33 | Crear | Fishing Ship |
| 8:51 | Crear | Villager (Male) |
| 9:04 | Crear | Villager (Male) |
| 9:07 | Crear | Villager (Male) |
| 9:30 | Construir | Mining Camp |
| 9:34 | Crear | Villager (Male) |
| 9:40 | Construir | House |
| 9:50 | Construir | House |
| 9:54 | Construir | House |
| 10:04 | Construir | House |
| 10:15 | Crear | Villager (Male) |
| 10:33 | Crear | Villager (Male) |
| 10:57 | Construir | Mining Camp |
| 11:01 | Construir | Mining Camp |
| 11:23 | Crear | Villager (Male) |
| 11:49 | Investigar | Feudal Age |
| 11:58 | Construir | House |
| 13:25 | Construir | Palisade Wall |
| 13:27 | Construir | Palisade Wall |
| 13:29 | Construir | Palisade Wall |
| 13:36 | Construir | Palisade Wall |
| 13:37 | Construir | Palisade Wall |
| 13:43 | Construir | Palisade Wall |
| 13:59 | Construir | Mill |
| 13:59 | Edad | Edad Feudal |
| 14:02 | Construir | Blacksmith |
| 14:03 | Crear | Villager (Male) |
| 14:03 | Crear | Villager (Male) |
| 14:07 | Construir | Lumber Camp |
| 14:27 | Construir | Outpost |
| 14:31 | Construir | Outpost |
| 14:36 | Construir | Market |
| 15:02 | Construir | Outpost |
| 15:22 | Investigar | Castle Age |
| 15:22 | Investigar | Castle Age |
| 15:40 | Construir | Palisade Wall |
| 15:53 | Construir | House |
| 15:56 | Construir | House |
| 16:16 | Construir | Palisade Wall |
| 16:17 | Construir | Palisade Wall |
| 16:18 | Construir | Palisade Wall |
| 16:30 | Construir | Palisade Wall |
| 17:11 | Construir | Palisade Gate |
| 17:16 | Construir | Palisade Gate |
| 17:23 | Construir | Palisade Gate |
| 17:47 | Investigar | Gold Mining |
| 18:02 | Edad | Edad de los Castillos |
| 18:11 | Construir | Castle |
| 18:12 | Crear | Villager (Male) |
| 18:15 | Construir | Siege Workshop |
| 18:19 | Construir | Town Center |
| 18:21 | Crear | Villager (Male) |
| 18:45 | Crear | Villager (Male) |
| 19:20 | Crear | Villager (Male) |
| 19:28 | Crear | Battering Ram |
| 19:31 | Crear | Villager (Male) |
| 19:53 | Crear | Villager (Male) |
| 19:58 | Crear | Arambai |
| 20:10 | Crear | Scorpion |
| 20:31 | Crear | Scorpion |
| 20:32 | Crear | Villager (Male) |
| 20:36 | Crear | Villager (Male) |
| 20:37 | Crear | Villager (Male) |
| 20:47 | Crear | Battering Ram |
| 20:47 | Crear | Villager (Male) |
| 21:11 | Investigar | Fletching |
| 21:19 | Crear | Battering Ram |
| 21:25 | Crear | Villager (Male) |
| 22:02 | Crear | Scorpion |
| 22:08 | Crear | Villager (Male) |
| 22:24 | Crear | Battering Ram |
| 22:47 | Crear | Villager (Male) |
| 22:55 | Crear | Arambai |
| 22:55 | Crear | Arambai |
| 22:55 | Crear | Arambai |
| 22:56 | Crear | Villager (Male) |
| 23:14 | Crear | Battering Ram |
| 23:18 | Crear | Arambai |
| 23:25 | Crear | Villager (Male) |
| 23:40 | Crear | Battering Ram |
| 23:46 | Crear | Arambai |
| 23:47 | Crear | Arambai |
| 23:56 | Construir | Farm |
| 24:12 | Crear | Battering Ram |
| 24:30 | Crear | Arambai |
| 24:47 | Crear | Arambai |
| 24:51 | Crear | Villager (Male) |
| 24:51 | Crear | Villager (Male) |
| 25:11 | Crear | Battering Ram |
| 25:12 | Crear | Arambai |
| 25:14 | Crear | Villager (Male) |
| 25:16 | Construir | House |
| 26:05 | Crear | Villager (Male) |
| 26:06 | Crear | Villager (Male) |
| 26:10 | Crear | Scorpion |
| 26:11 | Crear | Scorpion |
| 26:33 | Construir | Town Center |
| 26:50 | Crear | Villager (Male) |
| 26:54 | Crear | Villager (Male) |
| 26:58 | Crear | Scorpion |
| 27:01 | Crear | Arambai |
| 27:18 | Construir | House |
| 27:19 | Construir | House |
| 27:26 | Crear | Arambai |
| 27:47 | Crear | Arambai |
| 28:02 | Crear | Villager (Male) |
| 28:55 | Crear | Arambai |
| 28:56 | Crear | Arambai |
| 28:56 | Crear | Arambai |
| 28:56 | Crear | Arambai |
| 28:56 | Crear | Arambai |
| 28:57 | Crear | Arambai |
| 29:09 | Crear | Villager (Male) |
| 29:09 | Crear | Villager (Male) |
| 29:16 | Crear | Battering Ram |
| 29:26 | Construir | Farm |
| 29:27 | Construir | Farm |
| 29:27 | Construir | Farm |
| 29:27 | Construir | Farm |
Build order — Bubbagump
Primeras 150 de 441 acciones detectadas
| 0:16 | Construir | Town Center |
| 0:53 | Construir | Dock |
| 0:57 | Construir | House |
| 2:30 | Construir | Palisade Wall |
| 2:37 | Construir | Palisade Wall |
| 2:51 | Crear | Villager (Male) |
| 3:11 | Crear | Villager (Male) |
| 3:12 | Crear | Villager (Male) |
| 3:12 | Crear | Villager (Male) |
| 3:12 | Crear | Villager (Male) |
| 3:59 | Crear | Fishing Ship |
| 3:59 | Crear | Fishing Ship |
| 4:20 | Crear | Villager (Male) |
| 4:41 | Construir | House |
| 4:49 | Crear | Villager (Male) |
| 5:18 | Crear | Fishing Ship |
| 5:19 | Crear | Villager (Male) |
| 5:45 | Crear | Villager (Male) |
| 5:45 | Crear | Villager (Male) |
| 5:52 | Construir | House |
| 6:06 | Crear | Fishing Ship |
| 6:13 | Crear | Villager (Male) |
| 6:13 | Crear | Villager (Male) |
| 6:34 | Crear | Fishing Ship |
| 6:41 | Crear | Villager (Male) |
| 6:41 | Crear | Villager (Male) |
| 6:57 | Crear | Villager (Male) |
| 7:15 | Crear | Fishing Ship |
| 7:15 | Crear | Fishing Ship |
| 7:17 | Crear | Villager (Male) |
| 7:23 | Construir | House |
| 7:38 | Crear | Villager (Male) |
| 8:01 | Investigar | Loom |
| 8:06 | Crear | Villager (Male) |
| 8:30 | Construir | House |
| 8:32 | Crear | Villager (Male) |
| 8:33 | Crear | Fishing Ship |
| 8:50 | Crear | Fishing Ship |
| 8:58 | Crear | Villager (Male) |
| 9:16 | Construir | House |
| 9:19 | Crear | Villager (Male) |
| 9:59 | Crear | Villager (Male) |
| 9:59 | Crear | Fishing Ship |
| 10:19 | Crear | Villager (Male) |
| 10:23 | Construir | Mill |
| 10:52 | Investigar | Feudal Age |
| 11:05 | Crear | Villager (Male) |
| 11:05 | Crear | Villager (Male) |
| 11:09 | Construir | House |
| 11:33 | Construir | Mining Camp |
| 11:51 | Crear | Villager (Male) |
| 12:35 | Construir | Palisade Wall |
| 12:36 | Construir | Palisade Wall |
| 12:36 | Construir | Palisade Wall |
| 12:37 | Construir | Palisade Wall |
| 12:42 | Construir | Mining Camp |
| 13:07 | Edad | Edad Feudal |
| 13:12 | Construir | Market |
| 13:22 | Construir | Blacksmith |
| 14:03 | Investigar | Castle Age |
| 14:03 | Investigar | Castle Age |
| 14:11 | Construir | Lumber Camp |
| 14:26 | Crear | Villager (Male) |
| 14:40 | Investigar | Tech 906 |
| 14:40 | Investigar | Tech 906 |
| 14:58 | Investigar | Double-Bit Axe |
| 14:58 | Investigar | Double-Bit Axe |
| 16:26 | Construir | Dock |
| 16:32 | Crear | Fishing Ship |
| 16:43 | Edad | Edad de los Castillos |
| 16:46 | Construir | House |
| 16:51 | Construir | Castle |
| 16:54 | Investigar | Bow Saw |
| 16:56 | Crear | Villager (Male) |
| 17:19 | Crear | Unit 2626 |
| 17:39 | Construir | House |
| 17:39 | Crear | Villager (Male) |
| 17:40 | Investigar | Fletching |
| 17:54 | Crear | Unit 2626 |
| 17:56 | Crear | Villager (Male) |
| 18:31 | Crear | Mangudai |
| 18:34 | Crear | Villager (Male) |
| 18:34 | Crear | Villager (Male) |
| 18:47 | Construir | Dock |
| 18:53 | Crear | Villager (Male) |
| 19:13 | Construir | Town Center |
| 19:14 | Crear | Villager (Male) |
| 19:20 | Construir | Farm |
| 19:41 | Crear | Villager (Male) |
| 19:45 | Crear | Villager (Male) |
| 19:46 | Crear | Mangudai |
| 19:53 | Crear | Unit 2626 |
| 20:16 | Crear | Villager (Male) |
| 20:17 | Crear | Mangudai |
| 20:23 | Investigar | Wheelbarrow |
| 20:48 | Crear | Villager (Male) |
| 20:58 | Construir | Town Center |
| 20:59 | Crear | Mangudai |
| 21:04 | Construir | House |
| 21:07 | Crear | Villager (Male) |
| 21:15 | Crear | Villager (Male) |
| 21:31 | Investigar | Bodkin Arrow |
| 21:31 | Investigar | Bodkin Arrow |
| 21:41 | Crear | Villager (Male) |
| 21:50 | Crear | Villager (Male) |
| 21:59 | Construir | Palisade Wall |
| 22:01 | Construir | Palisade Wall |
| 22:07 | Crear | Mangudai |
| 22:30 | Crear | Villager (Male) |
| 22:33 | Construir | Barracks |
| 22:35 | Crear | Villager (Male) |
| 22:37 | Crear | Mangudai |
| 22:38 | Crear | Villager (Male) |
| 22:45 | Crear | Villager (Male) |
| 22:57 | Crear | Villager (Male) |
| 23:11 | Construir | Farm |
| 23:12 | Construir | Farm |
| 23:13 | Construir | Farm |
| 23:14 | Construir | Farm |
| 23:18 | Crear | Mangudai |
| 23:18 | Crear | Villager (Male) |
| 23:19 | Crear | Villager (Male) |
| 23:41 | Construir | Stable |
| 23:43 | Crear | Villager (Male) |
| 23:43 | Crear | Villager (Male) |
| 23:48 | Crear | Villager (Male) |
| 23:58 | Crear | Villager (Male) |
| 23:59 | Crear | Villager (Male) |
| 24:01 | Construir | Farm |
| 24:01 | Crear | Mangudai |
| 24:21 | Crear | Villager (Male) |
| 24:31 | Crear | Mangudai |
| 24:36 | Crear | Villager (Male) |
| 24:40 | Investigar | Bloodlines |
| 24:50 | Investigar | Husbandry |
| 24:53 | Crear | Mangudai |
| 24:57 | Construir | Farm |
| 24:58 | Construir | Farm |
| 24:59 | Construir | Farm |
| 25:00 | Crear | Villager (Male) |
| 25:01 | Crear | Villager (Male) |
| 25:01 | Crear | Villager (Male) |
| 25:02 | Crear | Villager (Male) |
| 25:21 | Construir | Town Center |
| 25:32 | Crear | Villager (Male) |
| 25:38 | Crear | Villager (Male) |
| 25:39 | Crear | Mangudai |
| 25:42 | Investigar | Padded Archer Armor |
| 25:42 | Investigar | Padded Archer Armor |
| 25:55 | Construir | Mill |
Build order — 色狼英雄传
Primeras 150 de 302 acciones detectadas
| 0:33 | Construir | Town Center |
| 1:07 | Construir | Dock |
| 1:10 | Construir | House |
| 2:42 | Crear | Villager (Male) |
| 2:42 | Crear | Villager (Male) |
| 2:42 | Crear | Villager (Male) |
| 2:44 | Crear | Villager (Male) |
| 2:44 | Crear | Villager (Male) |
| 3:47 | Construir | House |
| 4:11 | Construir | House |
| 4:22 | Crear | Villager (Male) |
| 4:22 | Crear | Villager (Male) |
| 4:23 | Crear | Fishing Ship |
| 4:38 | Construir | House |
| 5:00 | Crear | Villager (Male) |
| 5:00 | Crear | Villager (Male) |
| 5:27 | Crear | Villager (Male) |
| 5:28 | Crear | Villager (Male) |
| 5:54 | Crear | Fishing Ship |
| 5:59 | Crear | Villager (Male) |
| 5:59 | Crear | Villager (Male) |
| 6:29 | Crear | Fishing Ship |
| 6:33 | Crear | Villager (Male) |
| 6:33 | Crear | Villager (Male) |
| 6:39 | Construir | House |
| 7:02 | Crear | Villager (Male) |
| 7:03 | Crear | Villager (Male) |
| 7:06 | Crear | Fishing Ship |
| 7:15 | Crear | Villager (Male) |
| 7:15 | Crear | Villager (Male) |
| 7:47 | Crear | Fishing Ship |
| 7:49 | Construir | House |
| 7:54 | Crear | Villager (Male) |
| 7:55 | Crear | Villager (Male) |
| 7:55 | Crear | Villager (Male) |
| 8:40 | Construir | House |
| 8:47 | Crear | Villager (Male) |
| 8:55 | Construir | Mill |
| 9:07 | Crear | Fishing Ship |
| 9:31 | Crear | Villager (Male) |
| 9:35 | Crear | Villager (Male) |
| 10:13 | Crear | Fishing Ship |
| 10:19 | Crear | Villager (Male) |
| 10:51 | Crear | Villager (Male) |
| 10:59 | Crear | Fishing Ship |
| 11:00 | Investigar | Feudal Age |
| 11:01 | Investigar | Feudal Age |
| 11:28 | Investigar | Loom |
| 11:29 | Crear | Villager (Male) |
| 11:34 | Construir | House |
| 11:57 | Construir | Mining Camp |
| 13:22 | Construir | Mining Camp |
| 13:26 | Edad | Edad Feudal |
| 13:26 | Construir | Mining Camp |
| 13:33 | Construir | Blacksmith |
| 13:37 | Construir | Market |
| 13:42 | Construir | House |
| 14:27 | Construir | Lumber Camp |
| 14:38 | Investigar | Castle Age |
| 14:38 | Investigar | Castle Age |
| 14:38 | Investigar | Castle Age |
| 14:43 | Investigar | Stone Mining |
| 14:43 | Investigar | Stone Mining |
| 14:58 | Investigar | Double-Bit Axe |
| 14:58 | Investigar | Double-Bit Axe |
| 15:12 | Construir | House |
| 15:48 | Construir | House |
| 15:51 | Construir | Palisade Wall |
| 15:51 | Construir | Palisade Wall |
| 15:59 | Construir | Outpost |
| 16:06 | Investigar | Town Watch |
| 16:06 | Investigar | Town Watch |
| 17:18 | Edad | Edad de los Castillos |
| 17:21 | Construir | Castle |
| 17:32 | Crear | Villager (Male) |
| 17:32 | Crear | Villager (Male) |
| 17:46 | Investigar | Bow Saw |
| 17:47 | Investigar | Bow Saw |
| 18:11 | Crear | Villager (Male) |
| 18:33 | Construir | House |
| 18:38 | Crear | Villager (Male) |
| 18:46 | Crear | Camel Archer |
| 18:47 | Crear | Camel Archer |
| 18:56 | Investigar | Gold Mining |
| 19:05 | Crear | Villager (Male) |
| 19:18 | Crear | Camel Archer |
| 19:19 | Crear | Villager (Male) |
| 19:31 | Construir | House |
| 19:54 | Crear | Villager (Male) |
| 20:03 | Crear | Camel Archer |
| 20:03 | Crear | Camel Archer |
| 20:22 | Investigar | Fletching |
| 20:22 | Investigar | Fletching |
| 20:23 | Crear | Villager (Male) |
| 20:30 | Construir | University |
| 20:42 | Crear | Villager (Male) |
| 20:43 | Crear | Villager (Male) |
| 20:44 | Crear | Camel Archer |
| 20:45 | Crear | Camel Archer |
| 20:59 | Construir | Barracks |
| 21:26 | Crear | Camel Archer |
| 21:26 | Crear | Camel Archer |
| 21:28 | Crear | Villager (Male) |
| 21:28 | Crear | Villager (Male) |
| 21:29 | Crear | Villager (Male) |
| 21:32 | Construir | Barracks |
| 21:44 | Crear | Camel Archer |
| 21:44 | Crear | Camel Archer |
| 22:09 | Crear | Camel Archer |
| 22:10 | Crear | Camel Archer |
| 22:10 | Crear | Villager (Male) |
| 22:19 | Construir | House |
| 22:23 | Construir | Stable |
| 22:31 | Crear | Camel Archer |
| 22:37 | Investigar | Horse Collar |
| 23:05 | Crear | Villager (Male) |
| 23:05 | Crear | Villager (Male) |
| 23:08 | Investigar | Ballistics |
| 23:08 | Investigar | Ballistics |
| 23:40 | Crear | Villager (Male) |
| 23:48 | Crear | Villager (Male) |
| 23:48 | Crear | Villager (Male) |
| 23:53 | Construir | Town Center |
| 24:00 | Crear | Camel Archer |
| 24:01 | Crear | Camel Archer |
| 24:14 | Crear | Villager (Male) |
| 24:14 | Crear | Villager (Male) |
| 24:32 | Crear | Knight |
| 24:36 | Crear | Villager (Male) |
| 24:37 | Crear | Villager (Male) |
| 24:38 | Construir | Farm |
| 24:39 | Construir | Farm |
| 24:39 | Construir | Farm |
| 24:39 | Construir | Farm |
| 24:39 | Construir | Farm |
| 24:40 | Construir | Farm |
| 24:43 | Crear | Villager (Male) |
| 24:44 | Crear | Villager (Male) |
| 24:48 | Crear | Camel Archer |
| 24:48 | Crear | Camel Archer |
| 25:10 | Crear | Villager (Male) |
| 25:10 | Crear | Villager (Male) |
| 25:39 | Crear | Knight |
| 26:20 | Crear | Villager (Male) |
| 26:20 | Crear | Villager (Male) |
| 26:22 | Construir | Monastery |
| 26:28 | Crear | Villager (Male) |
| 26:28 | Crear | Villager (Male) |
| 26:31 | Construir | Siege Workshop |
| 26:52 | Crear | Camel Archer |
Build order — VENON | Charro Negro
Primeras 150 de 647 acciones detectadas
| 0:18 | Construir | Town Center |
| 1:49 | Construir | Dock |
| 1:51 | Construir | House |
| 2:46 | Crear | Villager (Male) |
| 2:47 | Crear | Villager (Male) |
| 2:47 | Crear | Villager (Male) |
| 2:47 | Crear | Villager (Male) |
| 2:47 | Crear | Villager (Male) |
| 3:59 | Crear | Fishing Ship |
| 3:59 | Crear | Fishing Ship |
| 4:01 | Investigar | Loom |
| 4:02 | Investigar | Loom |
| 4:07 | Crear | Villager (Male) |
| 4:19 | Construir | House |
| 5:09 | Investigar | Loom |
| 5:19 | Crear | Villager (Male) |
| 5:19 | Crear | Villager (Male) |
| 5:23 | Crear | Villager (Male) |
| 5:23 | Crear | Villager (Male) |
| 5:40 | Crear | Villager (Male) |
| 5:40 | Crear | Villager (Male) |
| 6:00 | Crear | Villager (Male) |
| 6:00 | Crear | Villager (Male) |
| 6:15 | Crear | Villager (Male) |
| 6:15 | Crear | Villager (Male) |
| 6:20 | Crear | Villager (Male) |
| 6:44 | Crear | Villager (Male) |
| 6:47 | Crear | Fishing Ship |
| 6:47 | Crear | Fishing Ship |
| 6:54 | Construir | House |
| 7:15 | Crear | Villager (Male) |
| 7:15 | Crear | Villager (Male) |
| 7:34 | Crear | Villager (Male) |
| 7:34 | Crear | Villager (Male) |
| 7:37 | Crear | Fishing Ship |
| 7:37 | Crear | Fishing Ship |
| 7:50 | Construir | House |
| 7:54 | Crear | Villager (Male) |
| 7:54 | Crear | Villager (Male) |
| 8:04 | Construir | House |
| 8:10 | Crear | Villager (Male) |
| 8:10 | Crear | Villager (Male) |
| 8:24 | Construir | House |
| 8:28 | Crear | Fishing Ship |
| 8:28 | Crear | Fishing Ship |
| 8:35 | Crear | Villager (Male) |
| 8:35 | Crear | Villager (Male) |
| 8:58 | Construir | House |
| 9:04 | Crear | Villager (Male) |
| 9:04 | Crear | Villager (Male) |
| 9:13 | Crear | Fishing Ship |
| 9:13 | Crear | Fishing Ship |
| 9:26 | Construir | House |
| 9:28 | Construir | House |
| 9:40 | Crear | Villager (Male) |
| 9:41 | Crear | Villager (Male) |
| 10:04 | Crear | Fishing Ship |
| 11:11 | Crear | Villager (Male) |
| 11:13 | Construir | Mill |
| 11:21 | Construir | Mining Camp |
| 11:39 | Investigar | Feudal Age |
| 11:39 | Investigar | Feudal Age |
| 12:01 | Construir | House |
| 12:27 | Crear | Villager (Male) |
| 12:27 | Crear | Villager (Male) |
| 12:27 | Crear | Villager (Male) |
| 12:28 | Crear | Villager (Male) |
| 12:28 | Crear | Villager (Male) |
| 12:28 | Crear | Villager (Male) |
| 12:29 | Crear | Villager (Male) |
| 12:29 | Crear | Villager (Male) |
| 12:29 | Crear | Villager (Male) |
| 12:30 | Crear | Villager (Male) |
| 12:34 | Construir | Barracks |
| 12:36 | Crear | Villager (Male) |
| 12:36 | Crear | Villager (Male) |
| 12:50 | Crear | Villager (Male) |
| 12:50 | Crear | Villager (Male) |
| 12:50 | Crear | Villager (Male) |
| 13:04 | Construir | House |
| 14:01 | Edad | Edad Feudal |
| 14:03 | Construir | Archery Range |
| 14:27 | Construir | Blacksmith |
| 14:51 | Construir | House |
| 15:17 | Investigar | Castle Age |
| 15:17 | Investigar | Castle Age |
| 15:21 | Construir | House |
| 15:27 | Crear | Villager (Male) |
| 15:28 | Crear | Villager (Male) |
| 15:28 | Crear | Villager (Male) |
| 15:28 | Crear | Villager (Male) |
| 15:39 | Crear | Villager (Male) |
| 15:39 | Crear | Villager (Male) |
| 15:44 | Crear | Archer |
| 15:48 | Construir | House |
| 15:58 | Investigar | Fletching |
| 15:58 | Investigar | Fletching |
| 16:08 | Construir | Palisade Wall |
| 16:16 | Crear | Archer |
| 16:16 | Crear | Archer |
| 16:33 | Crear | Villager (Male) |
| 16:33 | Crear | Villager (Male) |
| 16:33 | Crear | Villager (Male) |
| 16:43 | Construir | Lumber Camp |
| 16:47 | Crear | Archer |
| 16:47 | Crear | Archer |
| 16:51 | Crear | Villager (Male) |
| 17:00 | Crear | Archer |
| 17:00 | Crear | Archer |
| 17:13 | Crear | Villager (Male) |
| 17:14 | Crear | Villager (Male) |
| 17:14 | Crear | Villager (Male) |
| 17:14 | Crear | Villager (Male) |
| 17:14 | Crear | Villager (Male) |
| 17:16 | Crear | Villager (Male) |
| 17:17 | Crear | Villager (Male) |
| 17:17 | Crear | Villager (Male) |
| 17:20 | Crear | Villager (Male) |
| 17:20 | Crear | Villager (Male) |
| 17:25 | Crear | Archer |
| 17:25 | Crear | Archer |
| 17:36 | Crear | Villager (Male) |
| 17:36 | Crear | Villager (Male) |
| 17:37 | Crear | Villager (Male) |
| 17:38 | Crear | Villager (Male) |
| 17:44 | Crear | Archer |
| 17:57 | Edad | Edad de los Castillos |
| 18:00 | Construir | Siege Workshop |
| 18:00 | Investigar | Bodkin Arrow |
| 18:01 | Investigar | Bodkin Arrow |
| 18:01 | Investigar | Bodkin Arrow |
| 18:02 | Crear | Archer |
| 18:05 | Crear | Archer |
| 18:09 | Crear | Villager (Male) |
| 18:27 | Investigar | Wheelbarrow |
| 18:27 | Investigar | Wheelbarrow |
| 18:27 | Investigar | Wheelbarrow |
| 18:28 | Crear | Archer |
| 18:40 | Crear | Villager (Male) |
| 18:43 | Crear | Armored Elephant |
| 19:00 | Crear | Mangonel |
| 19:00 | Crear | Mangonel |
| 19:05 | Crear | Archer |
| 19:05 | Crear | Archer |
| 19:19 | Crear | Villager (Male) |
| 19:19 | Crear | Villager (Male) |
| 19:19 | Crear | Villager (Male) |
| 19:19 | Crear | Villager (Male) |
| 19:28 | Crear | Archer |
| 19:33 | Construir | Town Center |
Build order — 快上我滴大冲车创他 0.0
Primeras 150 de 316 acciones detectadas
| 0:21 | Construir | Town Center |
| 1:18 | Construir | House |
| 1:20 | Construir | Dock |
| 2:37 | Crear | Villager (Male) |
| 2:38 | Crear | Villager (Male) |
| 2:38 | Crear | Villager (Male) |
| 2:38 | Crear | Villager (Male) |
| 2:39 | Crear | Villager (Male) |
| 3:25 | Investigar | Loom |
| 3:26 | Crear | Villager (Male) |
| 3:26 | Crear | Villager (Male) |
| 3:26 | Crear | Villager (Male) |
| 3:42 | Crear | Fishing Ship |
| 4:10 | Crear | Villager (Male) |
| 4:11 | Crear | Villager (Male) |
| 4:35 | Crear | Villager (Male) |
| 4:35 | Crear | Villager (Male) |
| 5:03 | Construir | House |
| 5:06 | Crear | Villager (Male) |
| 5:06 | Crear | Villager (Male) |
| 5:30 | Crear | Villager (Male) |
| 5:30 | Crear | Villager (Male) |
| 5:51 | Crear | Villager (Male) |
| 5:51 | Crear | Villager (Male) |
| 6:20 | Crear | Villager (Male) |
| 6:20 | Crear | Villager (Male) |
| 6:28 | Construir | House |
| 6:39 | Crear | Villager (Male) |
| 6:40 | Crear | Villager (Male) |
| 7:15 | Crear | Fishing Ship |
| 7:38 | Construir | House |
| 7:39 | Crear | Villager (Male) |
| 7:39 | Crear | Villager (Male) |
| 7:39 | Crear | Villager (Male) |
| 7:53 | Crear | Fishing Ship |
| 8:07 | Crear | Villager (Male) |
| 8:24 | Construir | House |
| 8:47 | Crear | Fishing Ship |
| 8:47 | Crear | Fishing Ship |
| 8:57 | Crear | Villager (Male) |
| 9:17 | Crear | Villager (Male) |
| 9:26 | Crear | Fishing Ship |
| 9:38 | Crear | Villager (Male) |
| 10:00 | Crear | Villager (Male) |
| 10:02 | Construir | Mill |
| 10:25 | Crear | Fishing Ship |
| 10:28 | Crear | Villager (Male) |
| 10:45 | Construir | House |
| 10:58 | Crear | Villager (Male) |
| 11:19 | Construir | Mining Camp |
| 11:26 | Crear | Villager (Male) |
| 11:49 | Investigar | Feudal Age |
| 11:50 | Investigar | Feudal Age |
| 11:50 | Investigar | Feudal Age |
| 12:00 | Construir | Lumber Camp |
| 12:43 | Construir | Mining Camp |
| 13:07 | Crear | Villager (Male) |
| 13:39 | Crear | Villager (Male) |
| 14:02 | Edad | Edad Feudal |
| 14:09 | Construir | Market |
| 14:17 | Construir | Market |
| 14:34 | Construir | House |
| 14:36 | Construir | Palisade Wall |
| 14:37 | Construir | Palisade Wall |
| 14:40 | Construir | Palisade Wall |
| 14:45 | Crear | Villager (Male) |
| 15:06 | Construir | Blacksmith |
| 15:17 | Crear | Villager (Male) |
| 15:21 | Construir | Palisade Gate |
| 15:46 | Investigar | Castle Age |
| 15:46 | Investigar | Castle Age |
| 16:59 | Crear | Villager (Male) |
| 17:10 | Crear | Villager (Male) |
| 17:25 | Crear | Villager (Male) |
| 17:41 | Construir | House |
| 17:42 | Construir | House |
| 17:45 | Construir | Palisade Gate |
| 17:51 | Crear | Villager (Male) |
| 17:54 | Investigar | Double-Bit Axe |
| 18:00 | Construir | Farm |
| 18:01 | Construir | Farm |
| 18:02 | Construir | Farm |
| 18:26 | Edad | Edad de los Castillos |
| 18:42 | Construir | Castle |
| 18:49 | Crear | Villager (Male) |
| 18:54 | Investigar | Bow Saw |
| 18:56 | Crear | Villager (Male) |
| 19:15 | Investigar | Fletching |
| 19:51 | Crear | Camel Archer |
| 19:51 | Crear | Camel Archer |
| 20:10 | Crear | Villager (Male) |
| 20:11 | Crear | Villager (Male) |
| 20:13 | Investigar | Gold Mining |
| 20:42 | Crear | Camel Archer |
| 20:46 | Investigar | Gold Shaft Mining |
| 20:48 | Crear | Villager (Male) |
| 20:51 | Construir | Farm |
| 20:51 | Construir | Farm |
| 20:53 | Construir | Farm |
| 20:54 | Construir | Farm |
| 21:09 | Construir | Town Center |
| 21:18 | Crear | Camel Archer |
| 21:46 | Crear | Camel Archer |
| 22:07 | Investigar | Bodkin Arrow |
| 22:13 | Crear | Villager (Male) |
| 22:30 | Crear | Villager (Male) |
| 22:30 | Crear | Villager (Male) |
| 22:32 | Crear | Villager (Male) |
| 22:32 | Crear | Villager (Male) |
| 22:38 | Construir | Siege Workshop |
| 22:45 | Crear | Camel Archer |
| 22:51 | Crear | Camel Archer |
| 23:03 | Crear | Camel Archer |
| 23:28 | Crear | Villager (Male) |
| 23:28 | Crear | Villager (Male) |
| 23:38 | Crear | Villager (Male) |
| 23:49 | Crear | Mangonel |
| 23:59 | Crear | Scorpion |
| 24:04 | Crear | Villager (Male) |
| 24:04 | Crear | Villager (Male) |
| 24:14 | Crear | Villager (Male) |
| 24:14 | Crear | Villager (Male) |
| 24:19 | Crear | Camel Archer |
| 24:20 | Crear | Camel Archer |
| 24:38 | Crear | Camel Archer |
| 24:49 | Crear | Villager (Male) |
| 24:49 | Crear | Villager (Male) |
| 24:49 | Crear | Villager (Male) |
| 24:49 | Crear | Villager (Male) |
| 24:50 | Crear | Villager (Male) |
| 25:12 | Crear | Villager (Male) |
| 25:13 | Crear | Villager (Male) |
| 25:16 | Crear | Scorpion |
| 25:25 | Construir | House |
| 25:26 | Construir | House |
| 25:27 | Construir | Palisade Wall |
| 25:33 | Construir | Farm |
| 25:34 | Construir | Farm |
| 25:35 | Construir | Farm |
| 25:36 | Construir | Farm |
| 25:37 | Construir | Farm |
| 25:41 | Investigar | Horse Collar |
| 26:18 | Crear | Villager (Male) |
| 26:19 | Crear | Villager (Male) |
| 26:28 | Crear | Villager (Male) |
| 26:28 | Crear | Villager (Male) |
| 26:29 | Crear | Villager (Male) |
| 26:53 | Crear | Villager (Male) |
| 26:53 | Crear | Villager (Male) |
| 26:59 | Crear | Villager (Male) |
Build order — VENÓN | Sk8_Morro
Primeras 150 de 186 acciones detectadas
| 0:41 | Construir | Town Center |
| 1:16 | Construir | Dock |
| 1:24 | Construir | Palisade Wall |
| 1:26 | Construir | Palisade Wall |
| 2:11 | Construir | House |
| 2:58 | Construir | Palisade Wall |
| 3:09 | Construir | House |
| 3:09 | Crear | Villager (Male) |
| 3:10 | Crear | Villager (Male) |
| 3:10 | Crear | Villager (Male) |
| 3:10 | Crear | Villager (Male) |
| 3:11 | Crear | Villager (Male) |
| 3:11 | Crear | Villager (Male) |
| 3:52 | Crear | Villager (Male) |
| 3:52 | Crear | Villager (Male) |
| 3:52 | Crear | Villager (Male) |
| 4:39 | Crear | Villager (Male) |
| 4:39 | Crear | Villager (Male) |
| 4:40 | Crear | Villager (Male) |
| 4:40 | Crear | Villager (Male) |
| 5:11 | Construir | House |
| 5:19 | Crear | Villager (Male) |
| 5:19 | Crear | Villager (Male) |
| 5:19 | Crear | Villager (Male) |
| 5:20 | Crear | Villager (Male) |
| 5:47 | Crear | Fishing Ship |
| 5:47 | Crear | Fishing Ship |
| 5:55 | Construir | House |
| 6:05 | Crear | Villager (Male) |
| 6:06 | Crear | Villager (Male) |
| 6:30 | Crear | Villager (Male) |
| 6:31 | Crear | Villager (Male) |
| 6:40 | Construir | House |
| 6:51 | Crear | Villager (Male) |
| 6:52 | Crear | Fishing Ship |
| 7:02 | Construir | House |
| 7:17 | Crear | Villager (Male) |
| 7:17 | Crear | Villager (Male) |
| 7:17 | Crear | Villager (Male) |
| 7:18 | Crear | Villager (Male) |
| 7:32 | Construir | House |
| 7:35 | Construir | Palisade Wall |
| 7:38 | Construir | Palisade Wall |
| 7:44 | Crear | Villager (Male) |
| 7:44 | Crear | Villager (Male) |
| 7:44 | Crear | Villager (Male) |
| 7:44 | Crear | Villager (Male) |
| 7:58 | Construir | Palisade Wall |
| 7:59 | Construir | Palisade Wall |
| 7:59 | Construir | Palisade Wall |
| 7:59 | Construir | Palisade Wall |
| 8:00 | Construir | Palisade Wall |
| 8:00 | Construir | Palisade Wall |
| 8:01 | Construir | Palisade Wall |
| 8:02 | Crear | Villager (Male) |
| 8:02 | Crear | Villager (Male) |
| 8:18 | Construir | Palisade Wall |
| 8:29 | Construir | House |
| 8:37 | Crear | Villager (Male) |
| 8:37 | Crear | Villager (Male) |
| 8:39 | Crear | Villager (Male) |
| 8:39 | Crear | Villager (Male) |
| 8:39 | Crear | Villager (Male) |
| 8:50 | Construir | Outpost |
| 9:32 | Crear | Villager (Male) |
| 9:54 | Investigar | Loom |
| 9:54 | Investigar | Loom |
| 9:55 | Crear | Fishing Ship |
| 10:14 | Construir | Mill |
| 10:17 | Construir | Palisade Wall |
| 10:19 | Construir | Palisade Wall |
| 10:20 | Construir | Palisade Wall |
| 10:21 | Construir | Palisade Wall |
| 10:34 | Crear | Villager (Male) |
| 11:01 | Crear | Villager (Male) |
| 11:11 | Construir | Mining Camp |
| 11:23 | Construir | Palisade Wall |
| 11:31 | Investigar | Feudal Age |
| 11:31 | Investigar | Feudal Age |
| 12:31 | Construir | House |
| 12:48 | Crear | Villager (Male) |
| 12:59 | Construir | Mining Camp |
| 13:08 | Crear | Villager (Male) |
| 13:41 | Edad | Edad Feudal |
| 13:58 | Construir | House |
| 14:23 | Construir | Blacksmith |
| 14:31 | Crear | Villager (Male) |
| 14:55 | Construir | Blacksmith |
| 16:25 | Construir | Market |
| 16:52 | Investigar | Castle Age |
| 16:52 | Investigar | Castle Age |
| 16:53 | Investigar | Castle Age |
| 17:13 | Construir | Stone Wall |
| 17:18 | Construir | Stone Wall |
| 17:56 | Construir | Gate |
| 18:08 | Construir | Stone Wall |
| 18:49 | Construir | Stone Wall |
| 18:53 | Construir | Stone Wall |
| 19:32 | Edad | Edad de los Castillos |
| 19:57 | Construir | Castle |
| 19:58 | Crear | Villager (Male) |
| 20:09 | Crear | Villager (Male) |
| 20:26 | Construir | Palisade Gate |
| 20:30 | Construir | Palisade Wall |
| 20:46 | Construir | Mining Camp |
| 20:47 | Crear | Conquistador |
| 20:48 | Crear | Conquistador |
| 21:00 | Construir | Mining Camp |
| 21:04 | Crear | Conquistador |
| 21:04 | Crear | Conquistador |
| 21:10 | Crear | Villager (Male) |
| 21:10 | Crear | Villager (Male) |
| 22:04 | Construir | House |
| 22:06 | Construir | House |
| 22:10 | Construir | House |
| 22:59 | Crear | Conquistador |
| 23:04 | Crear | Villager (Male) |
| 23:33 | Investigar | Fletching |
| 23:33 | Investigar | Fletching |
| 24:15 | Crear | Villager (Male) |
| 24:42 | Construir | House |
| 24:51 | Crear | Villager (Male) |
| 24:51 | Crear | Villager (Male) |
| 24:52 | Crear | Villager (Male) |
| 24:52 | Crear | Villager (Male) |
| 24:52 | Crear | Villager (Male) |
| 25:23 | Construir | Gate |
| 25:33 | Construir | Mining Camp |
| 26:02 | Crear | Conquistador |
| 26:02 | Crear | Conquistador |
| 26:03 | Crear | Conquistador |
| 26:03 | Crear | Conquistador |
| 26:44 | Crear | Villager (Male) |
| 26:50 | Crear | Transport Ship |
| 27:32 | Crear | Villager (Male) |
| 27:58 | Construir | House |
| 29:03 | Construir | Town Center |
| 29:07 | Crear | Conquistador |
| 29:07 | Crear | Conquistador |
| 29:35 | Construir | Gate |
| 29:49 | Construir | Stone Wall |
| 30:14 | Crear | Villager (Male) |
| 30:15 | Crear | Villager (Male) |
| 31:25 | Construir | Mining Camp |
| 31:27 | Construir | Mining Camp |
| 31:28 | Crear | Villager (Male) |
| 31:56 | Crear | Villager (Male) |
| 32:01 | Construir | Town Center |
| 32:07 | Crear | Villager (Male) |
| 32:12 | Crear | Villager (Male) |
Cronología de la partida
| 0:45 | 高登仔 · first_building Dock |
| 0:53 | Bubbagump · first_building Dock |
| 0:54 | 高登仔 · wall_segment Palisade Wall x1 |
| 1:07 | 色狼英雄传 · first_building Dock |
| 1:16 | VENÓN | Sk8_Morro · first_building Dock |
| 1:18 | VENON | OIGRES · first_building Dock |
| 1:20 | 快上我滴大冲车创他 0.0 · first_building Dock |
| 1:22 | VENÓN | BetoxAOE · first_building Dock |
| 1:24 | VENÓN | Sk8_Morro · wall_segment Palisade Wall x1 |
| 1:26 | VENÓN | Sk8_Morro · wall_segment Palisade Wall x1 |
| 1:28 | VENÓN | BetoxAOE · wall_segment Palisade Wall x1 |
| 1:33 | 高登仔 · wall_segment Palisade Wall x1 |
| 1:49 | VENON | Charro Negro · first_building Dock |
| 2:30 | Bubbagump · wall_segment Palisade Wall x1 |
| 2:37 | Bubbagump · wall_segment Palisade Wall x1 |
| 2:58 | VENÓN | Sk8_Morro · wall_segment Palisade Wall x1 |
| 6:56 | VENON | OIGRES · wall_segment Palisade Wall x1 |
| 7:35 | VENÓN | Sk8_Morro · wall_segment Palisade Wall x1 |
| 7:38 | VENÓN | Sk8_Morro · wall_segment Palisade Wall x8 |
| 7:58 | VENÓN | Sk8_Morro · wall_segment Palisade Wall x1 |
| 7:59 | VENÓN | Sk8_Morro · wall_segment Palisade Wall x1 |
| 7:59 | VENÓN | Sk8_Morro · wall_segment Palisade Wall x1 |
| 7:59 | VENÓN | Sk8_Morro · wall_segment Palisade Wall x1 |
| 8:00 | VENÓN | Sk8_Morro · wall_segment Palisade Wall x1 |
| 8:00 | VENÓN | Sk8_Morro · wall_segment Palisade Wall x1 |
| 8:01 | VENÓN | Sk8_Morro · wall_segment Palisade Wall x1 |
| 8:18 | VENÓN | Sk8_Morro · wall_segment Palisade Wall x6 |
| 10:17 | VENÓN | Sk8_Morro · wall_segment Palisade Wall x1 |
| 10:19 | VENÓN | Sk8_Morro · wall_segment Palisade Wall x1 |
| 10:20 | VENÓN | Sk8_Morro · wall_segment Palisade Wall x1 |
| 10:21 | VENÓN | Sk8_Morro · wall_segment Palisade Wall x5 |
| 11:23 | VENÓN | Sk8_Morro · wall_segment Palisade Wall x3 |
| 12:34 | VENON | Charro Negro · first_building Barracks |
| 12:35 | Bubbagump · wall_segment Palisade Wall x1 |
| 12:36 | Bubbagump · wall_segment Palisade Wall x1 |
| 12:36 | Bubbagump · wall_segment Palisade Wall x1 |
| 12:37 | Bubbagump · wall_segment Palisade Wall x6 |
| 13:07 | Bubbagump · age_up feudal |
| 13:25 | VENON | OIGRES · wall_segment Palisade Wall x1 |
| 13:26 | 色狼英雄传 · age_up feudal |
| 13:27 | VENON | OIGRES · wall_segment Palisade Wall x1 |
| 13:29 | VENON | OIGRES · wall_segment Palisade Wall x1 |
| 13:36 | VENON | OIGRES · wall_segment Palisade Wall x1 |
| 13:37 | VENON | OIGRES · wall_segment Palisade Wall x1 |
| 13:41 | VENÓN | Sk8_Morro · age_up feudal |
| 13:43 | VENON | OIGRES · wall_segment Palisade Wall x1 |
| 13:59 | VENON | OIGRES · age_up feudal |
| 13:59 | VENÓN | BetoxAOE · age_up feudal |
| 14:01 | VENON | Charro Negro · age_up feudal |
| 14:02 | 快上我滴大冲车创他 0.0 · age_up feudal |
| 14:03 | VENON | Charro Negro · first_building Archery Range |
| 14:35 | 高登仔 · age_up feudal |
| 14:36 | 快上我滴大冲车创他 0.0 · wall_segment Palisade Wall x1 |
| 14:37 | 快上我滴大冲车创他 0.0 · wall_segment Palisade Wall x1 |
| 14:40 | 快上我滴大冲车创他 0.0 · wall_segment Palisade Wall x6 |
| 15:33 | 高登仔 · first_market_sell 100 wood |
| 15:40 | VENON | OIGRES · wall_segment Palisade Wall x1 |
| 15:51 | 色狼英雄传 · wall_segment Palisade Wall x1 |
| 15:51 | 色狼英雄传 · wall_segment Palisade Wall x1 |
| 15:53 | VENÓN | BetoxAOE · first_market_sell 100 stone |
| 16:08 | VENON | Charro Negro · wall_segment Palisade Wall x9 |
| 16:16 | VENON | OIGRES · wall_segment Palisade Wall x1 |
| 16:17 | VENON | OIGRES · wall_segment Palisade Wall x1 |
| 16:18 | VENON | OIGRES · wall_segment Palisade Wall x1 |
| 16:30 | VENON | OIGRES · wall_segment Palisade Wall x1 |
| 16:43 | Bubbagump · age_up castle |
| 16:51 | Bubbagump · first_building Castle |
| 17:13 | VENÓN | Sk8_Morro · wall_segment Stone Wall x9 |
| 17:18 | Bubbagump · first_market_sell 100 food |
| 17:18 | 色狼英雄传 · age_up castle |
| 17:18 | VENÓN | Sk8_Morro · wall_segment Stone Wall x6 |
| 17:21 | 色狼英雄传 · first_building Castle |
| 17:54 | VENÓN | BetoxAOE · age_up castle |
| 17:57 | VENON | Charro Negro · age_up castle |
| 18:00 | VENON | Charro Negro · first_building Siege Workshop |
| 18:02 | VENON | OIGRES · age_up castle |
| 18:05 | VENÓN | BetoxAOE · first_market_buy 100 wood |
| 18:08 | VENÓN | Sk8_Morro · wall_segment Stone Wall x1 |
| 18:11 | VENON | OIGRES · first_building Castle |
| 18:14 | 高登仔 · age_up castle |
| 18:15 | VENON | OIGRES · first_building Siege Workshop |
| 18:24 | 高登仔 · first_building Castle |
| 18:26 | 快上我滴大冲车创他 0.0 · age_up castle |
| 18:42 | 快上我滴大冲车创他 0.0 · first_building Castle |
| 18:49 | VENÓN | Sk8_Morro · wall_segment Stone Wall x6 |
| 18:53 | VENÓN | Sk8_Morro · wall_segment Stone Wall x10 |
| 19:10 | Bubbagump · first_market_buy 100 stone |
| 19:32 | VENÓN | Sk8_Morro · age_up castle |
| 19:57 | VENÓN | Sk8_Morro · first_building Castle |
| 20:30 | VENÓN | Sk8_Morro · wall_segment Palisade Wall x1 |
| 20:59 | 色狼英雄传 · first_building Barracks |
| 21:18 | VENÓN | Sk8_Morro · first_market_buy 100 stone |
| 21:52 | 高登仔 · first_building Barracks |
| 21:59 | Bubbagump · wall_segment Palisade Wall x1 |
| 22:01 | Bubbagump · wall_segment Palisade Wall x1 |
| 22:23 | 色狼英雄传 · first_building Stable |
| 22:33 | Bubbagump · first_building Barracks |
| 22:38 | 快上我滴大冲车创他 0.0 · first_building Siege Workshop |
| 22:45 | 高登仔 · first_building Stable |
| 22:49 | VENON | OIGRES · first_market_sell 100 wood |
| 23:01 | 高登仔 · wall_segment Stone Wall x6 |
| 23:37 | 色狼英雄传 · first_market_buy 100 food |
| 23:41 | Bubbagump · first_building Stable |
| 23:45 | 高登仔 · first_market_buy 100 food |
| 25:27 | 快上我滴大冲车创他 0.0 · wall_segment Palisade Wall x1 |
| 25:36 | VENON | Charro Negro · first_market_buy 100 food |
| 26:20 | VENÓN | BetoxAOE · first_building Siege Workshop |
| 26:22 | 色狼英雄传 · first_building Monastery |
| 26:31 | 色狼英雄传 · first_building Siege Workshop |
| 26:37 | VENÓN | BetoxAOE · tribute_sent a jugador 1 |
| 26:37 | VENÓN | BetoxAOE · tribute_sent a jugador 2 |
| 26:37 | VENÓN | BetoxAOE · tribute_sent a jugador 3 |
| 26:37 | VENÓN | BetoxAOE · tribute_sent a jugador 5 |
| 26:37 | VENÓN | BetoxAOE · tribute_sent a jugador 6 |
| 26:37 | VENÓN | BetoxAOE · tribute_sent a jugador 7 |
| 26:37 | VENÓN | BetoxAOE · tribute_sent a jugador 8 |
| 28:34 | VENON | Charro Negro · wall_segment Stone Wall x4 |
| 29:33 | VENON | Charro Negro · wall_segment Stone Wall x1 |
| 29:49 | VENÓN | Sk8_Morro · wall_segment Stone Wall x1 |
| 30:49 | VENÓN | Sk8_Morro · first_market_sell 100 food |
| 32:41 | VENÓN | BetoxAOE · first_building Monastery |
| 32:52 | VENON | Charro Negro · first_building Castle |
| 33:22 | Bubbagump · first_building Monastery |
| 33:39 | VENON | Charro Negro · wall_segment Palisade Wall x1 |
| 33:42 | VENON | Charro Negro · wall_segment Palisade Wall x1 |
| 33:47 | VENÓN | BetoxAOE · first_building Barracks |
| 34:14 | 快上我滴大冲车创他 0.0 · first_building Barracks |
| 34:26 | VENÓN | BetoxAOE · first_building Stable |
| 35:14 | 高登仔 · age_up imperial |
| 35:28 | 快上我滴大冲车创他 0.0 · first_building Stable |
| 35:32 | VENÓN | BetoxAOE · age_up imperial |
| 35:50 | Bubbagump · first_building Archery Range |
| 36:17 | 快上我滴大冲车创他 0.0 · age_up imperial |
| 36:38 | 快上我滴大冲车创他 0.0 · first_market_sell 500 food |
| 37:02 | VENON | Charro Negro · first_building Stable |
| 37:17 | Bubbagump · age_up imperial |
| 37:41 | VENÓN | Sk8_Morro · wall_segment Stone Wall x1 |
| 37:43 | VENÓN | Sk8_Morro · wall_segment Stone Wall x1 |
| 37:52 | VENÓN | Sk8_Morro · wall_segment Stone Wall x1 |
| 38:01 | VENÓN | Sk8_Morro · wall_segment Stone Wall x1 |
| 38:07 | VENÓN | Sk8_Morro · wall_segment Stone Wall x1 |
| 38:10 | VENÓN | Sk8_Morro · wall_segment Stone Wall x1 |
| 38:22 | Bubbagump · first_building Siege Workshop |
| 40:00 | VENON | Charro Negro · age_up imperial |
| 40:02 | VENON | Charro Negro · first_market_sell 100 wood |
| 41:23 | 快上我滴大冲车创他 0.0 · first_building Monastery |
| 42:01 | Bubbagump · wall_segment Stone Wall x1 |
| 42:06 | Bubbagump · wall_segment Stone Wall x3 |
| 42:18 | VENON | OIGRES · resign |
| 42:20 | VENÓN | Sk8_Morro · wall_segment Stone Wall x1 |
[ ANÁLISIS IA · 1 CRÉDITO ]
¿Qué pasó realmente en esta partida?
Wolo.gg analiza cada decisión: build order, eco, micro, errores típicos por bracket. Análisis personalizado por WhatsApp o Discord en 30 segundos.
Guía civ
Persas
Perfil
Jugador #2969449